 Dungeon Crawl Stone Soup version 0.26-a0-712-ga5a9c9c9d0 (webtiles) character file.

Game seed: 8747789736393425167

22 Apogee the Ruffian (level 2, 6/24 HPs)
             Began as a Draconian Transmuter on Nov 2, 2020.
             Quit the game on level 2 of the Dungeon.
             The game lasted 00:00:56 (935 turns).

Apogee the Ruffian (Draconian Transmuter)            Turns: 935, Time: 00:00:57

Health: 6/24       AC:  4    Str: 12    XL:     2   Next: 68%
Magic:  5/5        EV: 12    Int: 13    God:
Gold:   68         SH:  0    Dex: 11    Spells: 4/5 levels left

rFire    . . .     SeeInvis .     - Unarmed
rCold    . . .     Faith    .   (no shield)
rNeg     . . .     Spirit   .   (armour unavailable)
rPois    .         Reflect  .   (helmet restricted)
rElec    .         Harm     .   (no cloak)
rCorr    .         Rampage  .   (no gloves)
MR       .....                  (no boots)
Stlth    +.........             (no amulet)
HPRegen  0.08/turn              (no ring)
MPRegen  0.09/turn              (no ring)

@: lethally poisoned (6 -> -3)
A: unfitting armour, cold-blooded, AC +4
a: no special abilities


You were on level 2 of the Dungeon.
You visited 1 branch of the dungeon, and saw 2 of its levels.

You collected 68 gold pieces.

Inventory:

Scrolls
 a - 2 scrolls of teleportation {unknown}
 c - a scroll of remove curse {unknown}
 d - 2 scrolls of identify {unknown}
 e - a scroll of noise {unknown}


   Skills:
 + Level 1.7 Fighting
 - Level 1.7 Dodging
 * Level 3.5 Unarmed Combat
 - Level 2.0 Spellcasting
 + Level 2.3 Transmutations


You had 4 spell levels left.
You knew the following spells:

 Your Spells              Type           Power        Failure   Level
a - Beastly Appendage     Tmut           #.....       10%         1

Your spell library contained the following spells:

 Spells                   Type           Power        Failure   Level
 Wereblood                Tmut           #.......     14%         2
 Spider Form              Tmut/Pois      #.........   43%         3
 Ice Form                 Ice/Tmut       #.......     83%         4
 Blade Hands              Tmut           #.........   95%         5


Dungeon Overview and Level Annotations

Branches:
Dungeon (2/15)

Altars:


Innate Abilities, Weirdness & Mutations

Your plain brown scales are hard. (AC +4)
You cannot fit into any form of body armour.
You are cold-blooded and may be slowed by cold attacks.


Message History

A frilled lizard is nearby!
The frilled lizard hisses angrily.
The frilled lizard bites you but does no damage.
You closely miss the frilled lizard.
Your tail-slap misses the frilled lizard.
The frilled lizard closely misses you.
You hit the frilled lizard.
You kill the frilled lizard!
No target in view!
You now have 68 gold pieces (gained 11). 2 adders come into view.
You grow a pair of large bovine horns.
Your feet morph into talons.
The adder hisses angrily. x2
The adder barely misses you. The adder barely misses you.
The adder bites you. x2
The adder closely misses you. The adder misses you.
Your transformation is almost over.
You extend your transformation's duration.
The adder bites you but does no damage. The adder barely misses you.
You closely miss the adder. Your kick misses the adder.
The adder bites you but does no damage.
You hit the adder but do no damage. Your kick misses the adder.
Your headbutt misses the adder. You tail-slap the adder.
The adder bites you but does no damage.
You hit the adder. The adder barely misses you.
You miss the adder. Your kick misses the adder. Your punch misses the adder.
Your transformation is almost over.
The adder bites you.
You are poisoned.
The adder poisons you!
You barely miss the adder. Your headbutt misses the adder.
You feel sick. The adder bites you.
You are more poisoned.
The adder poisons you! The adder bites you.
* * * LOW HITPOINT WARNING * * *
You barely miss the adder. You headbutt the adder.
You kill the adder!
You barely miss the adder. Your kick misses the adder.
Your headbutt misses the adder.
Your tail-slap misses the adder.
You feel sick. The adder bites you.
* * * LOW HITPOINT WARNING * * *
You are more poisoned.
The adder poisons you! The adder barely misses you.
It was a potion of magic.
Magic courses through your body.
* * * LOW HITPOINT WARNING * * *
You feel sick. The adder barely misses you.
Your horns disappear.
Your talons disappear.
* * * LOW HITPOINT WARNING * * *
You feel sick. The adder barely misses you.

####.#####.
#...†.......
#.##..####.#
#.##.......#
#.###.####.#
#..........#
######.###.#
.........##.#
######.#@##.#
#.#S##.#
#.#..#.#
#......#
####.#.#
.....#
..###..# #..
#..# #. #..#


You could see an adder.

Vanquished Creatures
  An adder (D:2)
  A bat (D:1)
  A quokka (D:2)
  2 frilled lizards
  4 goblins
  2 kobolds (D:1)
  3 rats (D:1)
14 creatures vanquished.

Notes
Turn   | Place    | Note
-------+----------+-------------------------------------------
     0 | D:1      | Apogee the Draconian Transmuter began the quest for the
                  | Orb.
     0 | D:1      | Reached XP level 1. HP: 16/16 MP: 3/3
   584 | D:1      | Reached XP level 2. HP: 23/23 MP: 5/5
   935 | D:2      | Quit the game

Illustrated notes

Levels and vault maps discovered:
D:1:      dpeg_arrival_tiny_c, layout_loops_ring, bh_walls_and_bars
D:2:      layout_basic, overflow_temple_1_default

Action                   || total
-------------------------++-------
Melee: Unarmed           ||    40
       Kick              ||     2
       Tailslap          ||     2
       Headbutt          ||     1
 Cast: Beastly Appendage ||     7
 Abil: End Transformatio ||     1
  Use: Potion            ||     1
Armor: Skin              ||     8
Dodge: Dodged            ||    33

Table legend: (Time is in decaauts)
 A = Elapsed time spent in this place.
 B = Non-inter-level travel time spent in this place.
 C = Inter-level travel time spent in this place.
 D = Time resting spent in this place.
 E = Time spent auto-exploring this place.
 F = Levels seen in this place.
 G = Mean time per level.
                   A        B        C        D        E       F      G
               +--------+--------+--------+--------+--------+-----+--------+
         Total |    932 |    896 |     36 |      0 |    785 |   2 |  466.0 |
       Dungeon |    932 |    896 |     36 |      0 |    785 |   2 |  466.0 |
               +--------+--------+--------+--------+--------+-----+--------+

Top non-repeatable levels by time:
     D:1: 738 daAuts
     D:2: 193 daAuts
